 Dungeon Crawl Stone Soup version 0.29-a0-887-gcbe080d7e0 (webtiles) character file.

Game seed: 3158804717845092521

24425 Monkooky the Basher (level 13, 0/101 HPs)
             Began as a Meteoran Artificer on July 21, 2022.
             Was an Elder of Qazlal.
             Slain by a molten gargoyle
             ... wielding a +0 morningstar
              (6 damage)
             ... while petrified by a basilisk
             ... on level 4 of the Lair of Beasts.
             The game lasted 01:20:05 (6696 turns).

Monkooky the Basher (Meteoran Artificer)            Turns: 6696, Time: 01:20:05

Health: 0/101      AC:  8    Str: 25    XL:     13   Next: 78%
Magic:  0/24       EV:  2    Int: 14    God:    Qazlal [****..]
Gold:   570        SH:  0    Dex: 14    Spells: 6/25 levels left

rFire   . . .      SeeInvis .   b - -1 demon whip (venom)
rCold   . . .      Faith    .   (no shield)
rNeg    + + +      Spirit   +   C - +2 leather armour {rPois}
rPois   ∞          Reflect  .   i - +0 helmet
rElec   .          Harm     .   D - +0 cloak
rCorr   .          Rampage  .   y - +0 pair of gloves
Will    +....                   (no boots)
Stlth   +.........              K - amulet of guardian spirit
HPRegen 0.26/turn               g - +4 ring of evasion
MPRegen 0.19/turn               q - +6 ring of strength

@: petrified, glowing, repel missiles
A: sense surroundings 2, otherworldly, glowing, explore regen
a: Renounce Religion, Upheaval, Elemental Force


You were on level 4 of the Lair of Beasts.
You worshipped Qazlal.
Qazlal was greatly pleased with you.
You visited 3 branches of the dungeon, and saw 15 of its levels.

You collected 570 gold pieces.

Inventory:

Hand Weapons
 b - a -1 demon whip of venom (weapon)
 s - a +0 war axe
Missiles
 j - a curare-tipped dart
 I - 23 poisoned darts (quivered)
 Q - a throwing net
Armour
 i - a +0 helmet (worn)
 y - a +0 pair of gloves (worn)
 C - a +2 leather armour of poison resistance (worn)
 D - a +0 cloak (worn)
 W - +0 ice dragon scales
 X - +0 steam dragon scales
Magical Staves
 P - a staff of air
Jewellery
 g - a +4 ring of evasion (left hand)
 m - a ring of see invisible
 q - a +6 ring of strength (right hand)
 H - a +6 ring of dexterity
 K - an amulet of guardian spirit (around neck)
Wands
 c - a wand of flame (15)
 d - a wand of charming (29)
 e - a wand of iceblast (1)
 o - a wand of digging (8)
 O - a wand of roots (16)
 T - a wand of light (7)
 Z - a wand of polymorph (2)
Scrolls
 h - a scroll of teleportation
 k - a scroll of poison
 l - a scroll of fog
 r - a scroll of enchant armour
 u - 3 scrolls of silence
 w - 2 scrolls of magic mapping
 x - 2 scrolls of amnesia
 A - 2 scrolls of noise {unknown}
 B - a scroll of brand weapon {unknown}
 G - a scroll of identify
 L - 2 scrolls of immolation {unknown}
 R - a scroll of acquirement {unknown}
 U - 2 scrolls of fear {unknown}
 Y - a scroll of vulnerability {unknown}
Potions
 a - 2 potions of berserk rage {unknown}
 f - 3 potions of brilliance
 n - 2 potions of resistance
 p - a potion of invisibility
 t - 6 potions of haste {unknown}
 v - a potion of mutation {unknown}
 z - 2 potions of curing {unknown}
 E - a potion of flight {unknown}
 F - 2 potions of lignification
 M - a potion of ambrosia {unknown}
 S - a potion of cancellation {unknown}


   Skills:
 - Level 5.5 Fighting
 - Level 8.1(10.2) Axes
 - Level 10.6(12.0) Maces & Flails
 - Level 2.6 Armour
 - Level 1.5 Dodging
 - Level 0.6 Stealth
 - Level 6.9 Spellcasting
 - Level 9.3 Conjurations
 - Level 3.4 Transmutations
 - Level 9.2 Fire Magic
 - Level 7.2 Ice Magic
 - Level 8.8 Air Magic
 - Level 6.4 Poison Magic
 - Level 8.0 Invocations
 + Level 5.2 Evocations


You had 6 spell levels left.
You knew the following spells:

 Your Spells              Type           Power      Damage    Failure   Level
a - Ignite Poison         Fire/Tmut/Pois 22%        N/A       3%          3
b - Mephitic Cloud        Conj/Pois/Air  27%        N/A       1%          3
c - Sticky Flame          Conj/Fire      30%        2d5       3%          4
d - Passwall              Tmut/Erth      7%         N/A       12%         2
e - Static Discharge      Conj/Air       30%        3-7/arc   1%          2
f - Freezing Cloud        Conj/Ice/Air   14%        6-21      14%         5

Your spell library contained the following spells:

 Spells                   Type           Power      Damage    Failure   Level
 Swiftness                Air            29%        N/A       1%          3
 Ensorcelled Hibernation  Hex/Ice        30%        N/A       5%          2
 Hailstorm                Conj/Ice       28%        3d8       5%          4
 Wereblood                Tmut           14%        N/A       6%          2
 Apportation              Tloc           8%         N/A       16%         1
 Ice Form                 Ice/Tmut       19%        N/A       17%         4
 Sublimation of Blood     Necr           4%         N/A       24%         2
 Summon Lightning Spire   Summ/Air       17%        N/A       26%         4
 Summon Ice Beast         Ice/Summ       15%        N/A       34%         4
 Alistair's Intoxication  Tmut/Pois      12%        N/A       50%         5
 Dispel Undead            Necr           4%         3d7       85%         4
 Leda's Liquefaction      Hex/Erth       2%         N/A       85%         4
 Lee's Rapid Deconstruct  Erth           2%         3d5*      99%         5
 Summon Mana Viper        Hex/Summ       4%         N/A       99%         5
 Simulacrum               Ice/Necr       7%         N/A       99%         6
 Statue Form              Tmut/Erth      6%         N/A       100%        6
 Monstrous Menagerie      Summ           2%         N/A       100%        7
 Storm Form               Tmut/Air       11%        N/A       100%        7
 Summon Hydra             Summ           2%         N/A       100%        7
 Maxwell's Capacitive Co  Air            14%        ∞         100%        8


Dungeon Overview and Level Annotations

Branches:
Dungeon (10/15) Zot: 885   Temple (1/1) D:5 Zot: 439    Lair (4/5) D:10 Zot: 994
 Shoals (0/4) Lair:3       Spider (0/4) Lair:3          Orc (0/2) D:10
  Slime: Lair:4-5

Altars:
Ashenzari
Dithmenos
Elyvilon
Fedhas
Gozag
Makhleb
Nemelex Xobeh
Qazlal
Ru
Sif Muna
Trog
Uskayaw
Wu Jian
Yredelemnul
Zin
The Shining One

Shops:
D:5 =

Annotations:
D:3 3 runed translucent doors, lesbiats's ghost, amateur GnCj


Innate Abilities, Weirdness & Mutations

You passively map the area around you.
You are easily found by Zot.
You glow in the dark.
You regain HP and MP as you explore.


Message History

Aim: a wyvern Your surroundings suddenly seem different.
A molten gargoyle comes into view. It is wielding a +0 dire flail.
You hear an angry hiss. x2
The molten gargoyle blasts magma at you!
The bolt of magma hits you!! Qazlal accepts your kill.
You feel a bit more experienced. Qazlal accepts your kill.
You feel a bit more experienced.
A molten gargoyle comes into view. It is wielding a +0 morningstar.
Qazlal accepts your kill.
You feel a bit more experienced.
You have turned to stone.
Your life force feels restored.
Your Evocations skill increases to level 5!
The ice encasing you melts away.
The molten gargoyle blasts magma at you!
The bolt of magma hits you!!
The molten gargoyle blasts magma at you!
The bolt of magma hits you!!!
The molten gargoyle hits you with a +0 morningstar!
You are engulfed in flames!
The molten gargoyle hits you with a +0 dire flail!
You are engulfed in flames!
A lava snake comes into view.
The molten gargoyle sizzles in the rain.
The molten gargoyle hits you but does no damage.
The molten gargoyle hits you with a +0 morningstar!
* * * LOW HITPOINT WARNING * * *
You are engulfed in flames!
* * * LOW HITPOINT WARNING * * *
The molten gargoyle barely misses you.
The molten gargoyle blasts magma at you!
The bolt of magma hits you!
* * * LOW HITPOINT WARNING * * *
The molten gargoyle is engulfed in freezing vapours.
The molten gargoyle hits you with a +0 morningstar!!
* * * LOW HITPOINT WARNING * * *
You are engulfed in flames!
You die...

* ## * * , *
* ,* ######
,, ≈ ≈
##≈≈≈≈### #
≈ ≈
###§§≈.S§§ *
* ## ,*
##§≈☼§...
≈≈** ##. , *
.##§§≈§..#*,
, ≈ *#.. *
.≈≈§§§9@#* ,
##..
≈..§§§§9## *
≈ ##.##
§.....§
*#.### *
≈≈§.§§§ *
##...#
*###≈≈## ≈
###.†#.. ###
#.......
#...<...
#.....).
#..#....


You could see 2 molten gargoyles and a lava snake.

Vanquished Creatures
  Josephine (Lair:4)
  A hydra (Lair:3)
  2 two-headed ogres
  Amaemon (D:9)
  Pikel (D:8)
  An oklob plant (Lair:3)
  2 black mambas
  A merfolk siren (Lair:3)
  8 elephants
  6 cane toads
  An orange demon (D:9)
  3 rime drakes
  4 komodo dragons
  An efreet (D:10)
  A merfolk (Lair:3)
  A polar bear (Lair:3)
  4 dream sheep (Lair:2)
  3 wyverns
  4 wraiths (Lair:4)
  Eustachio (D:4)
  32 yaks
  3 steam dragons
  A basilisk (Lair:4)
  3 redbacks (Lair:3)
  An acid dragon (D:9)
  3 water moccasins
  2 orc warriors (D:10)
  An ice beast (D:7)
  A black bear (Lair:2)
  3 ogres
  7 wolves
  6 centaurs
  2 lemures (D:8)
  3 phantoms
  A kobold brigand (D:9)
  5 bullfrogs
  2 scorpions
  A wyvern zombie (D:6)
  4 wights (D:9)
  4 killer bees (D:9)
  A howler monkey (D:6)
  A crimson imp (D:6)
  3 hounds
  A centaur zombie (D:6)
  6 orc priests
  A gnoll bouda (D:8)
  An iguana (D:5)
  3 jellies
  Ijyb (D:3)
  3 orc wizards
  4 hell rats (Lair:4)
  A killer bee zombie (D:6)
  A howler monkey zombie (D:6)
  Robin (D:3)
  4 gnolls
  An adder (D:5)
  2 shadow imps (D:7)
  A white imp (D:6)
  An ufetubus (D:6)
  3 worms
  2 dart slugs (D:2)
  21 orcs
  8 endoplasms
  4 giant cockroaches
  9 goblins
  9 hobgoblins
  3 jackals (D:3)
  4 quokkas
  5 ball pythons
  11 bats
  3 frilled lizards
  19 kobolds
  9 rats
  A spectral orc (D:10)
280 creatures vanquished.

Vanquished Creatures (collateral kills)
  A hydra (Lair:2)
  A cane toad (Lair:2)
  Sigmund (D:3)
3 creatures vanquished.

Vanquished Creatures (others)
  2 demonic plants (D:3)
  56 fungi
  41 plants
  2 withered plants (D:6)
101 creatures vanquished.

Grand Total: 384 creatures vanquished

Notes
Turn   | Place    | Note
-------+----------+-------------------------------------------
     0 | D:1      | Monkooky the Meteoran Artificer began the quest for the
                  | Orb.
     0 | D:1      | Reached XP level 1. HP: 16/16 MP: 2/2
    69 | D:1      | Reached XP level 2. HP: 15/24 MP: 3/3
   255 | D:1      | Reached XP level 3. HP: 30/30 MP: 4/4
   403 | D:2      | Reached skill level 1 in Axes
   570 | D:2      | Reached XP level 4. HP: 33/37 MP: 5/5
   871 | D:3      | Noticed an ogre
   874 | D:3      | Noticed Sigmund
   883 | D:3      | Killed Sigmund
   884 | D:3      | Reached XP level 5. HP: 40/44 MP: 6/6
   884 | D:3      | Reached XP level 6. HP: 46/50 MP: 7/7
   901 | D:3      | Noticed Robin
   911 | D:3      | Killed Robin
   928 | D:3      | Killed an ogre
   929 | D:3      | Reached XP level 7. HP: 56/56 MP: 8/8
  1038 | D:3      | Noticed Ijyb
  1050 | D:3      | Killed Ijyb
  1163 | D:3      | Found a runed translucent gate.
  1163 | D:3      | Found a runed translucent gate.
  1163 | D:3      | Found a runed translucent gate.
  1165 | D:3      | Noticed lesbiats's ghost (amateur GnCj)
  1219 | D:3      | Found a faded altar of an unknown god.
  1440 | D:4      | Noticed Eustachio
  1712 | D:4      | Learned a level 3 spell: Ignite Poison
  1716 | D:4      | Learned a level 3 spell: Mephitic Cloud
  1721 | D:5      | Entered Level 5 of the Dungeon
  1743 | D:5      | Reached skill level 1 in Poison Magic
  1766 | D:5      | Found a staircase to the Ecumenical Temple.
  1775 | Temple   | Entered the Ecumenical Temple
  1798 | Temple   | Became a worshipper of Qazlal Stormbringer
  1983 | D:5      | Found a sparkling altar of Nemelex Xobeh.
  2011 | D:5      | Reached skill level 1 in Transmutations
  2011 | D:5      | Reached skill level 1 in Fire Magic
  2011 | D:5      | Reached XP level 8. HP: 47/62 MP: 7/9
  2099 | D:5      | Found an opulent altar of Gozag.
  2255 | D:4      | Killed Eustachio
  2336 | D:5      | Found Myxelitt's Jewellery Boutique.
  2395 | D:5      | Reached skill level 5 in Poison Magic
  2422 | D:6      | Found a sacrificial altar of Ru.
  2422 | D:6      | Noticed a steam dragon
  2447 | D:6      | Reached skill level 1 in Spellcasting
  2447 | D:6      | Reached skill level 1 in Conjurations
  2447 | D:6      | Reached skill level 1 in Air Magic
  2447 | D:6      | Gained mutation: You passively map the area around you.
                  | [Meteoran growth]
  2447 | D:6      | Reached XP level 9. HP: 63/68 MP: 5/12
  2450 | D:6      | Reached * piety under Qazlal
  2866 | D:6      | Found a hide-covered altar of Uskayaw.
  2907 | D:6      | Learned a level 4 spell: Sticky Flame
  2914 | D:6      | Found a bloodstained altar of Trog.
  3373 | D:7      | Found a glowing golden altar of the Shining One.
  3373 | D:7      | Found a white marble altar of Elyvilon.
  3374 | D:7      | Found a glowing silver altar of Zin.
  3557 | D:7      | Reached XP level 10. HP: 77/77 MP: 11/16
  3575 | D:7      | Reached skill level 5 in Conjurations
  3614 | D:7      | Found a burning altar of Makhleb.
  3681 | D:7      | Reached skill level 5 in Fire Magic
  3895 | D:8      | Noticed a two-headed ogre
  3940 | D:8      | Killed a two-headed ogre
  4031 | D:8      | Noticed Pikel
  4056 | D:8      | Killed Pikel
  4056 | D:8      | Reached ** piety under Qazlal
  4208 | D:9      | Found an ornate altar of the Wu Jian Council.
  4361 | D:9      | Noticed an orange demon
  4362 | D:9      | Noticed Amaemon
  4366 | D:9      | Killed an orange demon
  4367 | D:9      | Reached XP level 11. HP: 60/82 MP: 10/17
  4368 | D:9      | Killed Amaemon
  4486 | D:9      | Reached skill level 1 in Maces & Flails
  4618 | D:10     | Entered Level 10 of the Dungeon
  4656 | D:10     | Found a basalt altar of Yredelemnul.
  4719 | D:10     | Found a shadowy altar of Dithmenos.
  4726 | D:10     | Reached skill level 2 in Maces & Flails
  4780 | D:10     | Reached skill level 3 in Maces & Flails
  4820 | D:10     | Reached skill level 4 in Maces & Flails
  4821 | D:10     | Reached skill level 5 in Maces & Flails
  4842 | D:10     | Reached skill level 6 in Maces & Flails
  4887 | D:10     | Noticed a two-headed ogre
  4910 | D:10     | Reached skill level 7 in Maces & Flails
  4914 | D:10     | Killed a two-headed ogre
  4915 | D:10     | Reached skill level 8 in Maces & Flails
  4955 | D:10     | HP: 3/82 [yak (10)]
  4957 | D:10     | Reached skill level 9 in Maces & Flails
  4987 | D:10     | Learned a level 2 spell: Passwall
  5044 | D:10     | Found a staircase to the Orcish Mines.
  5153 | D:10     | Reached *** piety under Qazlal
  5206 | D:10     | Found a staircase to the Lair.
  5222 | Lair:1   | Entered Level 1 of the Lair of Beasts
  5251 | Lair:1   | Reached skill level 1 in Invocations
  5299 | Lair:1   | Reached skill level 5 in Invocations
  5299 | Lair:1   | Reached XP level 12. HP: 77/89 MP: 12/18
  5454 | Lair:1   | Reached skill level 10 in Maces & Flails
  5505 | Lair:1   | Reached skill level 5 in Fighting
  5594 | Lair:1   | Learned a level 2 spell: Static Discharge
  5712 | Lair:2   | Reached skill level 5 in Spellcasting
  5764 | Lair:2   | Noticed an eight-headed hydra
  5773 | Lair:2   | Killed an eight-headed hydra
  5805 | Lair:2   | Learned a level 5 spell: Freezing Cloud
  5833 | Lair:2   | Reached skill level 1 in Ice Magic
  5894 | Lair:2   | Reached XP level 13. HP: 99/101 MP: 20/24
  6045 | Lair:3   | Reached skill level 5 in Air Magic
  6053 | Lair:3   | Noticed an eight-headed hydra
  6146 | Lair:3   | Killed an eight-headed hydra
  6161 | Lair:3   | Reached **** piety under Qazlal
  6225 | Lair:3   | Reached skill level 5 in Ice Magic
  6390 | Lair:3   | Found a hole to the Spider Nest.
  6399 | Lair:3   | Upgraded the game from 0.29-a0-885-gb26ba3297d to
                  | 0.29-a0-887-gcbe080d7e0
  6602 | Lair:4   | Noticed Josephine
  6608 | Lair:4   | Killed Josephine
  6688 | Lair:4   | Noticed a catoblepas
  6691 | Lair:4   | Reached skill level 5 in Evocations
  6696 | Lair:4   | Slain by a molten gargoyle

Illustrated notes

Levels and vault maps discovered:
D:1:      saegor_arrival_simple_b, layout_rooms, st_stairs_12
D:2:      minmay_chambers_of_ones, layout_rooms, serial_bayou,
          serial_bayou_pond_a, serial_bayou_shore_b, serial_bayou_lagoon_a,
          serial_bayou_pond_e, minmay_misc_feat_ornament
D:3:      layout_loops_ring, ebering_ghost_rock_garden,
          dreamdust_ecumenical_altar_sealed_demon, chequers_jeans, uniq_sigmund,
          uniq_ijyb, uniq_robin
D:4:      layout_rooms, uniq_eustachio
D:5:      layout_loops_corners, nemelex_spade_bored_becter,
          mainiacjoe_overflow_surrounded_room, minmay_temple_entry_antechambers,
          serial_shops, nicolae_square_shop
D:6:      layout_basic, mainiacjoe_overflow_catch_the_wave, trog_hazing_becter,
          serial_undead, serial_undead_c, serial_undead_d, serial_undead_c,
          serial_undead_b, minmay_fire_ice_demons
D:7:      layout_gridville, good_gods_temple_1, bloody_makhleb
D:8:      layout_gridville, serial_shops, shop, minmay_three_doors, uniq_pikel
D:9:      layout_basic, overflow_temple_1_default, nicolae_wu_jian_wuxing_cycle,
          small_chamber_with_monster, uniq_amaemon
D:10:     layout_irregular_city, mainiacjoe_overflow_catwalk,
          yredelemnul_forgotten_temple_becter, david_lair_shrubbed, david_orc_5,
          serial_shops, shop
Temple:   nicolae_temple_figure_zero
Lair:1:   layout_roguey, serial_bayou_shore_b
Lair:2:   layout_loops_ring, nicolae_quartered_pool_super, grunt_megastairs_5,
          lemuel_fruit_tree
Lair:3:   layout_hall_layers, elwin_shoals_entry_rooms, spider_nest_entry_webs,
          grunt_megastairs_4
Lair:4:   cheibrodos_magma_flow, layout_layer_cave, special_room
          [special_room_mythical_zoo], uniq_josephine

Skill      XL: |  1  2  3  4  5  6  7  8  9 10 11 12 13 |
---------------+----------------------------------------+-----
Fighting       | 2 3 5 |  5.5
Axes           | 2 6 8 |  8.1
Poison Magic   | 2 5 6 |  6.4
Transmutations | 1 3 |  3.4
Fire Magic     | 1 3 4 8 9 |  9.2
Spellcasting   | 1 3 6 |  6.9
Conjurations   | 1 4 8 9 |  9.3
Air Magic      | 1 3 4 8 |  8.8
Maces & Flails | 9 10 | 10.6
Invocations    | 5 8 |  8.0
Ice Magic      | 2 7 |  7.2
Evocations     | 5 |  5.2
Armour         | |  2.6
Dodging        | |  1.5
Stealth        | |  0.6

Action                   |  1- 3 |  4- 6 |  7- 9 | 10-12 | 13-15 || total
-------------------------+-------+-------+-------+-------+-------++-------
Melee: Club              |    21 |       |       |       |       ||    21
       Long sword        |    20 |       |       |       |       ||    20
       Spear             |     3 |       |       |       |       ||     3
       War axe           |    31 |    61 |   257 |    59 |       ||   408
       Punch             |       |     1 |     7 |     6 |     1 ||    15
       Demon whip        |       |       |       |   169 |    80 ||   249
Throw: Dart              |       |     4 |    11 |    31 |     1 ||    47
 Cast: Mephitic Cloud    |       |       |     6 |    31 |     6 ||    43
       Ignite Poison     |       |       |     2 |    37 |    15 ||    54
       Sticky Flame      |       |       |     1 |    13 |     4 ||    18
       Passwall          |       |       |       |     1 |     2 ||     3
       Freezing Cloud    |       |       |       |       |     7 ||     7
       Static Discharge  |       |       |       |       |     2 ||     2
Invok: Upheaval          |       |       |       |     1 |       ||     1
       Elemental Force   |       |       |       |     1 |     1 ||     2
Evoke: Wand              |     6 |     3 |     6 |    10 |     3 ||    28
  Use: Scroll            |       |     4 |     5 |     7 |     1 ||    17
       Potion            |       |       |     1 |       |       ||     1
 Stab: Confused          |       |       |     1 |     3 |     1 ||     5
       Invisible         |       |       |       |     1 |       ||     1
Armor: Leather armour    |    39 |    14 |    76 |     4 |    30 ||   163
       Scale mail        |       |       |    18 |       |       ||    18
       Skin              |       |       |    80 |       |       ||    80
       Steam dragon scal |       |       |       |    40 |       ||    40
Dodge: Dodged            |    67 |    39 |   177 |   121 |    42 ||   446
       Repelled          |       |       |       |       |     2 ||     2
Block: Other             |       |       |     3 |    24 |    18 ||    45

Table legend: (Time is in decaauts)
 A = Elapsed time spent in this place.
 B = Non-inter-level travel time spent in this place.
 C = Inter-level travel time spent in this place.
 D = Time resting spent in this place.
 E = Time spent auto-exploring this place.
 F = Levels seen in this place.
 G = Mean time per level.
                   A        B        C        D        E       F      G
               +--------+--------+--------+--------+--------+-----+--------+
         Total |   6678 |   6508 |    170 |    138 |      0 |  15 |  445.2 |
       Dungeon |   5114 |   4952 |    162 |     16 |      0 |  10 |  511.4 |
        Temple |    160 |    153 |      7 |    112 |      0 |   1 |  160.0 |
          Lair |   1404 |   1404 |      0 |     10 |      0 |   4 |  351.0 |
               +--------+--------+--------+--------+--------+-----+--------+

Top non-repeatable levels by time:
     D:5: 676 daAuts
     D:7: 629 daAuts
    D:10: 579 daAuts
     D:6: 505 daAuts
     D:4: 492 daAuts
     D:2: 491 daAuts
     D:3: 487 daAuts
  Lair:2: 463 daAuts
  Lair:3: 457 daAuts
     D:9: 434 daAuts
     D:8: 415 daAuts
     D:1: 402 daAuts
  Lair:1: 384 daAuts
  Temple: 160 daAuts
  Lair:4: 99 daAuts
